 Dungeon Crawl Stone Soup version 0.30-a0-23-ge60ba3568b (webtiles) character file.

Game seed: 15345436731472738625

352 Newt the Cutter (level 6, -3/50 HPs)
             Began as a Demonspawn Gladiator on Aug 24, 2022.
             Slain by Pikel
             ... wielding a +2 whip of electrocution
              (8 damage)
             ... on level 3 of the Dungeon.
             The game lasted 00:04:12 (4397 turns).

Newt the Cutter (Demonspawn Gladiator)              Turns: 4397, Time: 00:04:13

Health: -3/50      AC: 11    Str: 17    XL:     6   Next: 35%
Magic:  6/6        EV: 12    Int:  9    God:
Gold:   164        SH:  0    Dex: 14    Spells: 5/5 levels left

rFire   . . .      SeeInvis .    d - +2 dagger (venom)
rCold   . . .      Faith    .    (no shield)
rNeg    . . .      Spirit   .    b - +0 leather armour
rPois   .          Reflect  .    (helmet restricted)
rElec   .          Harm     .    (no cloak)
rCorr   +          Rampage  .    f - +1 pair of gloves
Will    .....                    (no boots)
Stlth   ++........               (no amulet)
HPRegen 0.16/turn                m - +4 ring of protection
MPRegen 0.10/turn                j - ring of resist corrosion

@: no status effects
A: horns 1, rugged brown scales 2, demonic guardian 1
a: no special abilities


You were on level 3 of the Dungeon.
You visited 1 branch of the dungeon, and saw 4 of its levels.

You collected 164 gold pieces.

Inventory:

Hand Weapons
 a - a +0 rapier
 d - a +2 dagger of venom (weapon)
 k - a +2 dagger of flaming
Missiles
 g - a throwing net (quivered)
Armour
 b - a +0 leather armour (worn)
 c - a +0 helmet
 f - a +1 pair of gloves (worn)
Jewellery
 j - a ring of resist corrosion (right hand)
 m - a +4 ring of protection (left hand)
Scrolls
 i - a scroll of amnesia
 r - a scroll of vulnerability {unknown}
Potions
 h - 4 potions of curing
 l - a potion of flight
 n - a potion of cancellation
 o - a potion of haste
 p - a potion of mutation {unknown}
 q - a potion of heal wounds {unknown}


   Skills:
 - Level 4.0 Fighting
 - Level 5.0 Short Blades
 - Level 1.7 Throwing
 + Level 3.2 Dodging
 - Level 2.0 Stealth


You had 5 spell levels left.
You didn't know any spells.
Your spell library contained the following spells:

 Spells                   Type           Power      Damage    Failure   Level
 Apportation              Tloc           0%         N/A       45%         1
 Necrotise                Necr           0%         1d4       45%         1
 Summon Small Mammal      Summ           0%         N/A       45%         1


Dungeon Overview and Level Annotations

Branches:
Dungeon (4/15)             Temple (0/1) D:4

Altars:
Uskayaw

Annotations:
D:3 Pikel


Innate Abilities, Weirdness & Mutations

You have a pair of small horns on your head.
You are mostly covered in rugged brown scales. (AC +2, +5% HP)
A weak demonic guardian rushes to your aid.


Message History

The gnoll is moderately wounded.
The gnoll barely misses you.
A lemure comes into view.
You closely miss the gnoll. Your headbutt misses the gnoll.
The gnoll is severely wounded.
The gnoll hits you with a +0 club.
You barely miss the gnoll.
The gnoll is almost dead.
The gnoll hits you with a +0 club. The gnoll attacks as you move away!
The gnoll closely misses you. Pikel attacks as you move away!
Pikel hits you with a +2 whip of electrocution.
You are electrocuted!
You kill the gnoll!
There is a stone staircase leading up here.
Pikel closely misses you.
You climb upwards.
There is a stone staircase leading down here.
Unknown command.
You hit Pikel.
Pikel is poisoned.
You headbutt Pikel, but do no damage.
Pikel is lightly wounded.
You hit Pikel. Your headbutt misses Pikel.
Pikel is moderately wounded.
Pikel hits you with a +2 whip of electrocution.
A demonic guardian appears!
You are electrocuted!
* * * LOW HITPOINT WARNING * * *
Unknown command.
You hit Pikel.
Pikel looks as sick as possible!
Pikel is moderately wounded.
Pikel says, "Hell isn't that bad."
Pikel hits you with a +2 whip of electrocution.
* * * LOW HITPOINT WARNING * * *
Unknown command.
Throw: javelin
Press: ? - help, Q - select action, (/) - cycle Shift-Dir - straight line, f - Pikel
Aim: Pikel, wielding a +2 whip of electrocution and wearing a +0 robe (moderately wounded, extremely poisoned, ally target, 53% to hit)
You throw a javelin. The javelin closely misses Pikel.
Your white imp hits Pikel but does no damage.
Pikel hits you with a +2 whip of electrocution!
You die...

....# #.####.###.#
###.#
#........#.####
###.#
#.####.#......#
....#####.#
##.###.##.####
##........#
#..........(.#
......#####
#......##.##.#
##.##.#
#####.##......##.#
##.##.#
#.....##)#.#####.#
##.##.#
#.....##@#.#####.#
......#
#.......K5.......#
##.####
#.....#######.####
##.# #.....# #.#
#..#
###.#########.#
#.## #........##.#
#.# ##..#####.##.#
#.# #...#####.##.#
#.# #.#..(.##.##.#


You could see Pikel (extremely poisoned, ally target) and a friendly white imp
(summoned).

Vanquished Creatures
  A scorpion (D:4)
  A jelly (D:4)
  A hound (D:4)
  An iguana (D:4)
  An orc wizard (D:4)
  4 adders
  5 gnolls
  A dart slug (D:1)
  2 worms (D:2)
  10 orcs
  7 bats
  9 endoplasms
  2 giant cockroaches
  8 goblins
  3 hobgoblins
  2 jackals (D:4)
  6 kobolds
  A quokka (D:3)
  6 ball pythons
  3 frilled lizards
  A rat (D:1)
75 creatures vanquished.

Vanquished Creatures (collateral kills)
  A gnoll (D:3)
  A kobold (D:3)
2 creatures vanquished.

Grand Total: 77 creatures vanquished

Notes
Turn   | Place    | Note
-------+----------+-------------------------------------------
     0 | D:1      | Newt the Demonspawn Gladiator began the quest for the Orb.
     0 | D:1      | Reached XP level 1. HP: 16/16 MP: 1/1
    86 | D:1      | Reached skill level 1 in Stealth
   344 | D:1      | Gained mutation: A weak demonic guardian rushes to your
                  | aid. [demonic ancestry]
   344 | D:1      | Reached XP level 2. HP: 11/22 MP: 2/2
   821 | D:1      | Reached skill level 3 in Short Blades
  1255 | D:1      | Gained mutation: You have a pair of small horns on your
                  | head. [demonic ancestry]
  1255 | D:1      | Reached XP level 3. HP: 25/27 MP: 3/3
  2789 | D:3      | Reached skill level 4 in Short Blades
  2789 | D:3      | Reached XP level 4. HP: 20/33 MP: 4/4
  3669 | D:4      | Noticed a scorpion
  3683 | D:4      | Killed a scorpion
  3684 | D:4      | Reached skill level 5 in Short Blades
  3684 | D:4      | Gained mutation: You are partially covered in rugged brown
                  | scales. (AC +1, +3% HP) [demonic ancestry]
  3684 | D:4      | Reached XP level 5. HP: 27/40 MP: 5/5
  3880 | D:4      | Gained mutation: You are mostly covered in rugged brown
                  | scales. (AC +2, +5% HP) [demonic ancestry]
  3880 | D:4      | Reached XP level 6. HP: 30/50 MP: 6/6
  4238 | D:4      | Found a hide-covered altar of Uskayaw.
  4265 | D:4      | Found a staircase to the Ecumenical Temple.
  4381 | D:4      | Noticed Pikel
  4397 | D:3      | Slain by Pikel

Illustrated notes

Levels and vault maps discovered:
D:1:      sevenhm_arrival_forest_fort_small_5, layout_basic,
          lemuel_another_geyser
D:2:      layout_basic, chequers_serial_rivers_micro_d, minmay_misc_feat_hallway
D:3:      layout_loops_cross
D:4:      layout_cave_pools, nicolae_uskayaw_suspiria,
          minmay_temple_entry_arrows, uniq_pikel

Skill      XL: |  1  2  3  4  5  6 |
---------------+-------------------+-----
Stealth        | 1 2 |  2.0
Short Blades   | 3 4 5 |  5.0
Fighting       | 3 4 |  4.0
Dodging        | 3 |  3.2
Throwing       | |  1.7

Action                   |  1- 3 |  4- 6 || total
-------------------------+-------+-------++-------
Melee: Rapier            |    16 |       ||    16
       Dagger            |    73 |   127 ||   200
       Headbutt          |     6 |    20 ||    26
       Punch             |       |     1 ||     1
Throw: Throwing net      |     3 |       ||     3
       Javelin           |       |     1 ||     1
  Use: Scroll            |     4 |     5 ||     9
 Stab: Sleeping          |     5 |     1 ||     6
       Distracted        |     1 |       ||     1
Armor: Leather armour    |    30 |    42 ||    72
Dodge: Dodged            |    47 |    66 ||   113

Table legend: (Time is in decaauts)
 A = Elapsed time spent in this place.
 B = Non-inter-level travel time spent in this place.
 C = Inter-level travel time spent in this place.
 D = Time resting spent in this place.
 E = Time spent auto-exploring this place.
 F = Levels seen in this place.
 G = Mean time per level.
                   A        B        C        D        E       F      G
               +--------+--------+--------+--------+--------+-----+--------+
         Total |   4357 |   4272 |     85 |    783 |   2967 |   4 | 1089.2 |
       Dungeon |   4357 |   4272 |     85 |    783 |   2967 |   4 | 1089.2 |
               +--------+--------+--------+--------+--------+-----+--------+

Top non-repeatable levels by time:
     D:2: 1344 daAuts
     D:1: 1303 daAuts
     D:3: 1004 daAuts
     D:4: 704 daAuts
